 Dungeon Sprint DCSS version 0.20-a0-640-g62ed22f (webtiles) character file.

4744 LORDOFBUTT the Bewitcher (level 10, -3/39 HPs)
             Began as a Spriggan Enchanter on Feb 12, 2017.
             Was an Initiate of Gozag.
             Slain by a demonic crawler (9 damage)
             ... in the Dungeon (Sprint I: "Red Sonja") on Feb 13, 2017.
             The game lasted 00:08:30 (955 turns).

LORDOFBUTT the Bewitcher (Spriggan Enchanter)        Turns: 955, Time: 00:08:31

Health: -3/39      AC:  2    Str:  6      XL:     10   Next: 22%
Magic:  24/33      EV: 20    Int: 16 (17) God:    Gozag
Gold:   1115       SH:  0    Dex: 14      Spells: 33/39 levels left

rFire    . . .     SeeInvis +   k - +2 dagger (distort)
rCold    . . .     Gourm    .   b - +0 robe
rNeg     . . .     Faith    .   (shield restricted)
rPois    .         Spirit   .   (helmet restricted)
rElec    .         Reflect  .   (no cloak)
rCorr    .         Harm     .   (gloves unavailable)
MR       +....     NoTele   +   (boots unavailable)
Stlth    ++++++....             (no amulet)
Regen    0.1/turn               (no ring)
MPRegen  0.3/turn               (no ring)

@: very slightly contaminated, very quick
A: unfitting armour, see invisible, blink, clumsy 1, deterioration 2, dopey 1,
herbivore 3, speed 3, frail 1, high mp 1, screaming 1, slow regeneration 1, slow
metabolism 2, MP-powered wands
a: Blink, Potion Petition, Call Merchant, Bribe Branch, Renounce Religion


You were in the Dungeon.
You worshipped Gozag.
Gozag was most pleased with you.
You were not hungry.

You visited 1 branch You collected 1538 gold pieces.
You paid 423 gold pieces to Gozag.

Inventory:

Hand Weapons
 a - a +1 dagger
 k - a +2 dagger of distortion (weapon)
 l - a +0 blowgun
Missiles
 m - 9 curare-tipped needles
Armour
 b - a +0 robe (worn)
Scrolls
 p - a scroll of enchant armour {unknown}
Potions
 e - 3 potions of curing
 f - a potion of heal wounds
 g - a potion of haste
 h - 2 potions of magic
Books
 c - a book of Maledictions

   Spells                             Type                      Level
   a - Corona                         Hexes                        1
   b - Ensorcelled Hibernation        Hexes/Ice                    2
   c - Confuse                        Hexes                        3
   d - Tukima's Dance                 Hexes                        3
   e - Dazzling Spray                 Conjuration/Hexes            3
Comestibles
 d - a bread ration
 n - a royal jelly


   Skills:
 + Level 8.2 Short Blades
 - Level 4.9 Dodging
 + Level 15.7 Stealth
 * Level 15.3 Spellcasting
 * Level 16.2 Hexes
 + Level 5.9 Ice Magic


You had 33 spell levels left.
You knew the following spells:

 Your Spells              Type           Power        Failure   Level  Hunger
a - Corona                Hex            ######.      0%          1    None
b - Ensorcelled Hibernat  Hex/Ice        #####.       1%          2    None
c - Confuse               Hex            ######..     1%          3    None


Dungeon Overview and Level Annotations

Branches:
Dungeon (1/1)

Altars:
Cheibriados
Dithmenos
Elyvilon
Fedhas
Gozag
Hepliaklqana
Kikubaaqudgha
Makhleb
Nemelex Xobeh
Okawaru
Qazlal
Ru
Sif Muna
Trog
Uskayaw
Vehumet
Xom
Yredelemnul
Zin
The Shining One
Jiyva
Lugonu

Shops:
D :!=}**}


Innate Abilities, Weirdness & Mutations

You are very small and have problems with some larger weapons.
You are too small for most types of armour.
You have supernaturally acute eyesight. (SInv)
You are a herbivore.
You cover ground extremely quickly.
You need consume almost no food.
You can translocate small distances at will.
You are clumsy. (Dex -2)
Your body often deteriorates upon taking damage.
You are dopey. (Int -2)
You are frail. (-10% HP)
You have an increased reservoir of magic. (+10% MP)
You occasionally shout uncontrollably at your foes.
You regenerate slowly when monsters are visible.
You expend magic power (3 MP) to strengthen your wands.


Message History

Confirm with . or Enter, or press ? or * to list all spells.
Aiming: Confuse
Press: ? - help, Shift-Dir - straight line, f/p - demonic crawler
Aim: a demonic crawler (clinging, chance to defeat MR: 14%)
The demonic crawler resists with almost no effort.
Casting: Confuse
Confirm with . or Enter, or press ? or * to list all spells.
Aiming: Confuse
Press: ? - help, Shift-Dir - straight line, f/p - demonic crawler
Aim: a demonic crawler (clinging, chance to defeat MR: 14%)
The demonic crawler resists with almost no effort.
The demonic crawler hits you!
Your body deteriorates!
You feel dopey. The demonic crawler barely misses you.
The demonic crawler hits you. The demonic crawler closely misses you.
The demonic crawler hits you. The demonic crawler hits you!
* * * LOW HITPOINT WARNING * * *
The demonic crawler hits you!
You die...
Your body crumbles into a pile of gold.

#########################
#<.#..'..#s['..#__#..'..[
#..)..#.@ss.#..s..'..#...
#..#####s#####+#__####)..
#..####..#...#.####§ ####
#..#__####..##)#≈§≈§ $$
#..#_____##'#..+≈§≈§
#⌠⌠#_.∩...'..._#§≈≈§c#$$
####_..__##_.#'##+####
$$#_____###'#.#.)..#
############.####'###


You could see 4 demonic crawlers.

Vanquished Creatures
  Sonja (D)
  A deep troll (D)
  4 shining eyes (D)
  2 kobold demonologists (D)
  A slime creature (D)
  Sigmund (D)
  A yak (D)
  3 floating eyes (D)
  An ogre (D)
  A jelly (D)
  Ijyb (D)
  3 ballistomycetes (D)
20 creatures vanquished.

Vanquished Creatures (others)
  3 shining eyes (D)
  A floating eye (D)
  2 ballistomycete spores (D)
6 creatures vanquished.

Grand Total: 26 creatures vanquished

Notes
Turn   | Place    | Note
-------+----------+-------------------------------------------
     0 | D        | LORDOFBUTT the Spriggan Enchanter began the quest for the Orb.
     0 | D        | Reached XP level 1. HP: 9/9 MP: 5/5
     2 | D        | Noticed Ijyb
    18 | D        | Killed Ijyb
    18 | D        | Reached skill level 5 in Hexes
    18 | D        | Reached XP level 2. HP: 9/13 MP: 5/7
    23 | D        | Learned a level 2 spell: Ensorcelled Hibernation
   171 | D        | Noticed an ogre
   173 | D        | Killed an ogre
   173 | D        | Reached skill level 5 in Spellcasting
   173 | D        | Reached skill level 7 in Hexes
   173 | D        | Reached XP level 3. HP: 16/16 MP: 7/10
   173 | D        | Reached XP level 4. HP: 21/21 MP: 8/12
   184 | D        | Noticed Sigmund
   187 | D        | Killed Sigmund
   187 | D        | Reached skill level 10 in Stealth
   187 | D        | Reached skill level 10 in Hexes
   187 | D        | Reached XP level 5. HP: 24/24 MP: 9/16
   201 | D        | Found a deep blue altar of Sif Muna.
   203 | D        | Found a radiant altar of Vehumet.
   207 | D        | Reached XP level 6. HP: 28/28 MP: 12/18
   234 | D        | Found Dampakeps's Gadget Emporium.
   234 | D        | Found an ancient bone altar of Kikubaaqudgha.
   234 | D        | Found a hazy altar of Hepliaklqana.
   234 | D        | Found a stormy altar of Qazlal.
   234 | D        | Found a hide-covered altar of Uskayaw.
   234 | D        | Found a blossoming altar of Fedhas.
   234 | D        | Found a bloodstained altar of Trog.
   234 | D        | Found an iron altar of Okawaru.
   234 | D        | Found a basalt altar of Yredelemnul.
   234 | D        | Found a glowing golden altar of the Shining One.
   234 | D        | Found a snail-covered altar of Cheibriados.
   234 | D        | Found a sacrificial altar of Ru.
   234 | D        | Found a glowing silver altar of Zin.
   234 | D        | Found a shadowy altar of Dithmenos.
   234 | D        | Found a white marble altar of Elyvilon.
   234 | D        | Noticed a yak
   242 | D        | Killed a yak
   242 | D        | Reached skill level 11 in Hexes
   243 | D        | Found an opulent altar of Gozag.
   244 | D        | Found a sparkling altar of Nemelex Xobeh.
   259 | D        | Became a worshipper of Gozag Ym Sagoz the Greedy
   278 | D        | Noticed a centaur warrior
   283 | D        | Found a burning altar of Makhleb.
   283 | D        | Found a viscous altar of Jiyva.
   283 | D        | Found a shimmering altar of Xom.
   283 | D        | Found a corrupted altar of Lugonu.
   283 | D        | Noticed a slime creature
   289 | D        | Killed a slime creature
   289 | D        | Reached skill level 10 in Spellcasting
   289 | D        | Reached skill level 12 in Hexes
   289 | D        | Reached XP level 7. HP: 31/32 MP: 6/22
   305 | D        | Noticed Sonja
   309 | D        | Killed Sonja
   309 | D        | Reached skill level 13 in Hexes
   309 | D        | Reached XP level 8. HP: 36/36 MP: 8/25
   610 | D        | Found Fiatyfam's Book Boutique.
   622 | D        | Noticed a shining eye
   622 | D        | Noticed a shining eye
   622 | D        | Noticed a shining eye
   622 | D        | Noticed a shining eye
   622 | D        | Noticed a shining eye
   622 | D        | Noticed a shining eye
   640 | D        | Gained mutation: You are clumsy. (Dex -2) [a shining eye]
   643 | D        | Gained mutation: Your body sometimes deteriorates upon taking damage. [a shining eye]
   654 | D        | Noticed a deep troll
   659 | D        | Killed a deep troll
   659 | D        | Reached skill level 5 in Short Blades
   659 | D        | Reached skill level 14 in Hexes
   701 | D        | Learned a level 3 spell: Confuse
   710 | D        | Killed a shining eye
   710 | D        | Reached XP level 9. HP: 39/39 MP: 18/27
   717 | D        | Noticed a shining eye
   717 | D        | Noticed a shining eye
   718 | D        | Killed a shining eye
   720 | D        | Reached skill level 15 in Hexes
   726 | D        | Gained mutation: You regenerate slowly when monsters are visible. [a shining eye]
   728 | D        | Banished a shining eye
   731 | D        | Gained mutation: You are dopey. (Int -2) [a shining eye]
   737 | D        | Gained mutation: You can translocate small distances at will. [a shining eye]
   740 | D        | Gained mutation: You are frail. (-10% HP) [a shining eye]
   740 | D        | Gained mutation: You expend magic power (3 MP) to strengthen your wands. [a shining eye]
   742 | D        | Killed a shining eye
   742 | D        | Reached skill level 15 in Stealth
   742 | D        | Reached skill level 5 in Ice Magic
   748 | D        | Gained mutation: You have an increased reservoir of magic. (+10% MP) [a shining eye]
   750 | D        | Banished a shining eye
   752 | D        | Gained mutation: You occasionally shout uncontrollably at your foes. [a shining eye]
   760 | D        | Killed a shining eye
   797 | D        | Found Nusedo Othrul's Distillery.
   797 | D        | Found Meneoj's Assorted Antiques.
   797 | D        | Found Pirut's Jewellery Emporium.
   797 | D        | Found Ewourilu's Gadget Boutique.
   868 | D        | Gained mutation: Your body often deteriorates upon taking damage. [a shining eye]
   869 | D        | Killed a shining eye
   869 | D        | Reached skill level 15 in Spellcasting
   869 | D        | Reached XP level 10. HP: 39/39 MP: 32/32
   911 | D        | Reached skill level 16 in Hexes
   940 | D        | Upgraded the game from 0.20-a0-633-gff4aa5c to 0.20-a0-640-g62ed22f
   955 | D        | Slain by a demonic crawler

Vault maps used:
D:        dungeon_sprint_1

Skill      XL: |  1  2  3  4  5  6  7  8  9 10 |
---------------+-------------------------------+-----
Stealth        | 6 9 10 12 13 14 15 | 15.7
Spellcasting   | 3 5 8 10 12 13 15 | 15.3
Hexes          | 5 7 10 12 13 14 15 16 | 16.2
Short Blades   | 2 4 6 7 8 |  8.2
Dodging        | 4 |  4.9
Ice Magic      | 2 4 5 |  5.9

Action                   |  1- 3 |  4- 6 |  7- 9 | 10-12 || total
-------------------------+-------+-------+-------+-------++-------
Melee: Dagger            |    16 |     6 |    58 |     3 ||    83
 Cast: Ensorcelled Hiber |       |     8 |     8 |       ||    16
       Confuse           |       |       |     3 |     4 ||     7
Invok: Call Merchant     |       |       |     1 |       ||     1
  Use: Potion            |     1 |       |     2 |       ||     3
       Scroll            |       |     1 |       |     1 ||     2
 Stab: Sleeping          |     1 |     5 |     5 |     3 ||    14
       Confused          |       |       |     2 |       ||     2
Armor: Robe              |     1 |       |       |       ||     1
Dodge: Dodged            |     5 |     7 |       |    12 ||    24
